 Dungeon Crawl Stone Soup version 0.31-a0-1467-g53b6572822 (webtiles) character file.

Game seed: 14875860042572605221

98 mopl the Slasher (level 4, -1/37 HPs)
             Began as a Merfolk Fighter on Dec 28, 2023.
             Slain by Grinder (4 damage)
             ... on level 4 of the Dungeon.
             The game lasted 00:02:29 (2321 turns).

mopl the Slasher (Merfolk Fighter)                  Turns: 2321, Time: 00:02:30

Health: -1/37      AC: 12    Str: 18    XL:     4   Next: 71%
Magic:  4/4        EV:  8    Int:  7    God:
Gold:   169        SH:  4    Dex: 13    Spells: 3/3 levels left

rFire   . . .        a - +0 long sword
rCold   . . .        c - +0 buckler
rNeg    . . .        j - +0 chain mail
rPois   .            i - +0 helmet
rElec   .            e - +0 cloak
rCorr   .            (no gloves)
SInv    .            l - +0 pair of boots
Will    .....        (no amulet) Stlth
                     q - ring of flight
HPRegen 0.26/turn    (no ring)
MPRegen 0.09/turn

%: no passive effects
@: flying
A: (nimble swimmer 2), mertail
a: no special abilities


You were on level 4 of the Dungeon.
You visited 1 branch of the dungeon, and saw 4 of its levels.

You collected 169 gold pieces.

Inventory:

Hand Weapons
 a - a +0 long sword (weapon)
Missiles
 t - 4 boomerangs
Armour
 c - a +0 buckler (worn)
 e - a +0 cloak (worn)
 i - a +0 helmet (worn)
 j - a +0 chain mail (worn)
 l - a +0 pair of boots (worn)
Jewellery
 q - a ring of flight (left hand)
Scrolls
 b - a scroll of noise {unknown}
 f - a scroll of identify {unknown}
 k - a scroll of vulnerability {unknown}
 m - 2 scrolls of teleportation {unknown}
 p - a scroll of immolation {unknown}
 r - a scroll of amnesia {unknown}
 s - a scroll of enchant armour {unknown}
 v - 2 scrolls of brand weapon {unknown}
Potions
 d - a potion of might
 g - a potion of mutation {unknown}
 h - a potion of heal wounds {unknown}
 n - a potion of invisibility {unknown}
 o - a potion of curing {unknown}
 u - a potion of enlightenment {unknown}
 w - a potion of lignification {unknown}


   Skills:
 + Level 3.9 Fighting
 * Level 4.0 Long Blades
 + Level 0.2 Throwing
 + Level 2.5 Armour
 + Level 2.2 Dodging
 - Level 3.0 Shields


You had 3 spell levels left.
You didn't know any spells.
Your spell library was empty.

Dungeon Overview and Level Annotations

Branches:
Dungeon (4/15)
 Temple: D:4-7

Altars:
Elyvilon
Sif Muna

Shops:
D:2 [

Annotations:
D:4 Grinder


Innate Abilities, Weirdness & Mutations

((You are very nimble when in or above water. (Stealth+, EV+, Speed+++)))
Your lower body shifts to a powerful aquatic tail in water.


Message History

You hit the endoplasm.
The endoplasm is severely wounded.
The endoplasm freezes you.
You are frozen.
You hit the endoplasm.
You kill the endoplasm!
Grinder barely misses you.
You closely miss Grinder.
Grinder is almost dead.
Grinder hits you.
You writhe in agony.
Grinder blinks!
Grinder gestures at you.
You barely resist. You hit Grinder but do no damage.
Grinder is almost dead.
Grinder hits you.
You writhe in agony.
You closely miss Grinder.
Grinder is almost dead.
Grinder sighs, "No one appreciates my work."
Grinder hits you but does no damage.
You barely miss Grinder.
Grinder is almost dead.
Grinder gestures at you. You resist with significant effort.
You closely miss Grinder.
Grinder is almost dead.
Grinder hits you.
You writhe in agony.
Grinder blinks!
You are too injured to fight recklessly!
You are too injured to fight recklessly!
You are too injured to fight recklessly!
Grinder hits you.
* * * LOW HITPOINT WARNING * * *
You writhe in agony.
* * * LOW HITPOINT WARNING * * *
You hit Grinder.
Grinder is almost dead.
Grinder hits you.
* * * LOW HITPOINT WARNING * * *
You writhe in agony.
You die...
Grinder says, "Hey, I wasn't done torturing you yet!"

#....#....######.....#
#......[........##.#.#
............##.#
...............#
........)...#....#
............#....#
............# ...#
............# ...#
.......5@...# ..#
............#
................
##########...#...
#...# ... #...# ..
##### .


You could see Grinder.

Vanquished Creatures
  4 adders
  2 worms
  A dart slug (D:4)
  An orc (D:3)
  7 endoplasms
  3 hobgoblins
  2 jackals (D:1)
  6 kobolds
  A quokka (D:1)
  7 ball pythons
  5 bats
  5 frilled lizards
  6 goblins
  3 rats
53 creatures vanquished.

Notes
Turn   | Place    | Note
-------+----------+-------------------------------------------
     0 | D:1      | mopl the Merfolk Fighter began the quest for the Orb.
     0 | D:1      | Reached XP level 1. HP: 18/18 MP: 1/1
   101 | D:1      | Reached XP level 2. HP: 6/24 MP: 2/2
   296 | D:1      | Reached skill level 1 in Dodging
   299 | D:1      | Reached skill level 3 in Long Blades
   521 | D:1      | Reached XP level 3. HP: 26/29 MP: 3/3
   976 | D:2      | Found Ather's Armour Shoppe.
  1174 | D:2      | Reached skill level 2 in Dodging
  1174 | D:2      | Reached XP level 4. HP: 37/37 MP: 4/4
  1857 | D:3      | Found a shimmering blue altar of Sif Muna.
  1857 | D:3      | Found a white marble altar of Elyvilon.
  2235 | D:4      | Reached skill level 4 in Long Blades
  2283 | D:4      | Noticed Grinder
  2321 | D:4      | Slain by Grinder

Illustrated notes

Levels and vault maps discovered:
D:1:      saegor_arrival_miasma, layout_loops_ring
D:2:      layout_basic, serial_shops, nicolae_shop_just_a_little_nook,
          eino_curves_04
D:3:      layout_loops_ring, amethyst_overflow_temple_binary
D:4:      layout_basic, minmay_temple_entry_hall, gammafunk_ghost_necromancy,
          uniq_grinder, uniq_ijyb

Skill      XL: |  1  2  3  4 |
---------------+-------------+-----
Dodging        | 1 2 |  2.2
Long Blades    | 3 4 |  4.0
Fighting       | |  3.9
Throwing       | |  0.2
Armour         | |  2.5
Shields        | |  3.0

Action                     |  1- 3 |  4- 6 || total
---------------------------+-------+-------++-------
  Melee: Long sword        |   112 |    89 ||   201
 Armour: Scale mail        |    46 |       ||    46
         Chain mail        |    25 |    61 ||    86
  Dodge: Dodged            |    65 |    29 ||    94
  Block: Buckler           |    31 |    20 ||    51

Table legend: (Time is in decaauts)
 A = Elapsed time spent in this place.
 B = Non-inter-level travel time spent in this place.
 C = Inter-level travel time spent in this place.
 D = Time resting spent in this place.
 E = Time spent auto-exploring this place.
 F = Levels seen in this place.
 G = Mean time per level.
                   A        B        C        D        E       F      G
               +--------+--------+--------+--------+--------+-----+--------+
         Total |   2374 |   2323 |     51 |    187 |   1612 |   4 |  593.5 |
       Dungeon |   2374 |   2323 |     51 |    187 |   1612 |   4 |  593.5 |
               +--------+--------+--------+--------+--------+-----+--------+

Top non-repeatable levels by time:
     D:2: 746 daAuts
     D:1: 742 daAuts
     D:3: 736 daAuts
     D:4: 148 daAuts
